 Dungeon Crawl Stone Soup version 0.29-a0-321-gf1c400731a (webtiles) character file.

Game seed: 6878206643385001143

104563 sokol815 the Tortoise (level 16, -1/162 HPs)
             Began as a Gargoyle Gladiator on Apr 5, 2022.
             Was a High Priest of Trog.
             Slain by a fire elemental (6 damage)
             ... summoned by a deep elf pyromancer
             ... on level 2 of the Orcish Mines.
             The game lasted 01:25:48 (33257 turns).

sokol815 the Tortoise (Gargoyle Gladiator)         Turns: 33257, Time: 01:25:48

Health: -1/162     AC: 40    Str: 29    XL:     16   Next: 39%
Magic:  0/25       EV: 15    Int: 10    God:    Trog [*****.]
Gold:   779        SH:  0    Dex: 15    Spells: 15/15 levels left

rFire   . . .      SeeInvis .   a - +2 lajatang (flame)
rCold   + . .      Faith    .   (shield currently unavailable)
rNeg    + + .      Spirit   .   n - +7 ring mail of the Ditch-Digger {rElec}
rPois   ∞          Reflect  .   s - +4 helmet "Hattitz" {rElec rN+ rCorr Str+2}
rElec   +          Harm     .   v - +2 cloak
rCorr   +          Rampage  .   K - +2 pair of gloves {infuse}
Will    +++..                   (no boots)
Stlth   ..........              T - amulet of Epag {rC+ Will++ Regen+ Stlth-}
HPRegen 1.17/turn               L - ring of magical power {MP+9}
MPRegen 0.19/turn               m - +6 ring of strength

@: berserking (expiring), flying, very quick
A: sickness immunity, AC +12, big wings, negative energy resistance 1,
electricity resistance, torment resistance 1, petrification resistance
a: Renounce Religion, Berserk, Trog's Hand, Brothers in Arms


You were on level 2 of the Orcish Mines.
You worshipped Trog.
Trog was extremely pleased with you.
You visited 4 branches of the dungeon, and saw 24 of its levels.
You also visited: Gauntlet.

You collected 2078 gold pieces.
You spent 1299 gold pieces at shops.

Inventory:

Hand Weapons
 a - a +2 lajatang of flaming (weapon)
   (Trog gifted it to you on level 2 of the Orcish Mines)
 c - the +6 short sword "Fetynop" {antimagic, rElec}
   (You found it in a Gauntlet)

   It reduces the magical energy of the wielder, and disrupts the spells and
   magical abilities of those it strikes.
   Natural abilities and divine invocations are not affected.
   rElec:     It insulates you from electricity.
 f - a +4 spear
   (You took it off a wight on level 10 of the Dungeon)
 u - a +1 vampiric battleaxe
   (You took it off an orc warrior on level 8 of the Dungeon)
 x - a +3 scimitar of flaming
   (You took it off Azrael on level 14 of the Dungeon)
 A - a +5 quarterstaff
Missiles
 g - 5 curare-tipped darts
 l - 46 poisoned darts
 o - 3 silver javelins
 w - 5 throwing nets {!d}
 z - 10 boomerangs
 Z - 16 javelins
Armour
 h - a +2 kite shield of poison resistance
   (You took it off a tengu warrior on level 15 of the Dungeon)
 n - the +7 ring mail of the Ditch-Digger (worn) {rElec}
   (You found it on level 6 of the Lair of Beasts)

   rElec:     It insulates you from electricity.
 s - the +4 helmet "Hattitz" (worn) {rElec rN+ rCorr Str+2}
   (You found it in a Gauntlet)

   Str:       It affects your strength (+2).
   rElec:     It insulates you from electricity.
   rN:        It protects you from negative energy.
   rCorr:     It protects you from acid and corrosion.
 v - a +2 cloak (worn)
   (You found it on level 5 of the Dungeon)
 K - a +2 pair of gloves of infusion (worn)
   (You bought it in a shop on level 9 of the Dungeon)
Jewellery
 k - a +6 ring of dexterity
   (You found it in a Gauntlet)
 m - a +6 ring of strength (right hand)
   (You found it on level 6 of the Lair of Beasts)
 C - a ring of protection from cold {rC+, !d}
   (You found it in a Gauntlet)
 F - a ring of protection from fire {rF+, !d}
   (You bought it in a shop on level 4 of the Dungeon)
 L - a ring of magical power (left hand) {MP+9}
   (You found it on level 11 of the Dungeon)
 T - the amulet of Epag (around neck) {rC+ Will++ Regen+ Stlth-}
   (You bought it in a shop on level 9 of the Dungeon)

   [amulet of regeneration]

   rC:        It protects you from cold.
   Regen:     It increases your rate of health regeneration.
   Will:      It greatly increases your willpower.
   Stlth:     It makes you less stealthy.
 V - a ring of see invisible {sInv, !d}
   (You bought it in a shop on level 4 of the Dungeon)
 W - a ring of willpower
   (You took it off a minotaur in a Gauntlet)
Wands
 d - a wand of digging (11)
   (You took it off Joseph on level 7 of the Dungeon)
 e - a wand of charming (1)
   (You took it off Harold on level 12 of the Dungeon)
 i - a wand of iceblast (9)
   (You found it on level 8 of the Dungeon)
 j - a wand of polymorph (5)
   (You found it on level 14 of the Dungeon)
 p - a wand of paralysis (17)
   (You took it off a gnoll on level 6 of the Dungeon)
 q - a wand of flame (31)
   (You found it on level 1 of the Lair of Beasts)
 y - a wand of mindburst (4)
   (You found it on level 13 of the Dungeon)
Scrolls
 b - 14 scrolls of identify {@r1}
 r - 3 scrolls of fog
 D - 2 scrolls of blinking {!r}
 E - 4 scrolls of fear
 O - 2 scrolls of silence
 S - 2 scrolls of summoning
 X - a scroll of magic mapping {@r4!r}
 Y - 6 scrolls of teleportation {@r3}
Potions
 t - 3 potions of magic
 B - 2 potions of attraction {!q}
 G - 3 potions of ambrosia {!q}
 H - 2 potions of haste
 I - a potion of invisibility
 J - 14 potions of curing {@q1}
 M - 3 potions of might
 N - 5 potions of heal wounds {@q2}
 P - 2 potions of lignification {!q}
 R - a potion of resistance
 U - 4 potions of mutation {!q}


   Skills:
 - Level 15.0 Fighting
 - Level 14.0 Staves
 - Level 1.7 Throwing
 - Level 15.0 Armour
 + Level 7.6 Dodging
 - Level 8.0 Stealth
 * Level 12.6 Evocations


You had 15 spell levels left.
You didn't know any spells.
Your spell library contained the following spells:

 Spells                   Type           Power      Damage    Failure   Level
 Magic Dart               Conj           0%         1d3       43%         1
 Call Imp                 Summ           0%         N/A       58%         2
 Mephitic Cloud           Conj/Pois/Air  0%         N/A       82%         3


Dungeon Overview and Level Annotations

Branches:
Dungeon (15/15) Temple (1/1) D:4 Lair (6/6) D:11 Swamp (0/4) Lair:3 Spider (0/4) Lair:4 Slime (0/5) Lair:5 Orc (2/2) D:12 Elf (0/3) Orc:2 Vaults (0/5) D:13 D:14 Depths (0/4) D:15 Gauntlet (visited)

Altars:
Ashenzari
Dithmenos
Elyvilon
Fedhas
Makhleb
Okawaru
Ru
Trog
Uskayaw
Xom
Zin
Beogh

Shops:
D:4 =   D:9 =![   D:10 ?(**   D:11 !   Orc:2 =

Annotations:
Lair:1 2 transporters, exclusion: ice statue, Mootru's ghost, journeyman MyFi


Innate Abilities, Weirdness & Mutations

You are immune to sickness and miasma.
Your stone body is resilient. (AC +12)
You are immune to poison.
Your large and strong wings let you fly.
You resist negative energy. (rN+)
You are resistant to electric shocks. (rElec)
You are resistant to unholy torment.
You are immune to petrification.


Message History

You feel a bit more experienced.
You barely miss the fire elemental.
The orc warlord is engulfed in blazing flames.
The orc warlord roars a battlecry!
The orcs go into a battle-frenzy!
The fire elemental hits you. The fire elemental burns you!
You hear a shout!
You take 3 damage, and have 54/162 hp.
You slash the deep elf zephyrmancer! You burn the deep elf zephyrmancer.
You slash the deep elf zephyrmancer! You burn the deep elf zephyrmancer.
The fire elemental barely misses you.
The orc warrior throws a boomerang.
The boomerang completely misses you.
The orc warlord is engulfed in blazing flames.
The orc warlord roars a battlecry!
The deep elf pyromancer mumbles some strange words.
The deep elf zephyrmancer casts a spell at you.
The bolt of lightning hits you! You resist.
* * * LOW HITPOINT WARNING * * *
You take 6 damage, and have 48/162 hp.
You slice the deep elf zephyrmancer!! You burn the deep elf zephyrmancer.
You kill the deep elf zephyrmancer!
Trog accepts your kill. Trog grants you a weapon!
Something appears at your feet!
You see here a +5 vorpal quarterstaff.
Trog appreciates your killing of a magic user.
You slice the orc!! You burn the orc.
You kill the orc!
Trog accepts your kill. The fire elemental barely misses you.
The orc warlord is engulfed in blazing flames.
The deep elf pyromancer casts a spell.
The deep elf pyromancer blinks!
The deep elf pyromancer mumbles some strange words.
Here: a fire elemental (summoned)
Items here: )))) [[[ ††.
The floor, spattered with blood.
You slice the orc warlord!! You burn the orc warlord!
The fire elemental disappears in a puff of smoke!
The fire elemental closely misses you.
You barely miss the orc warlord. The fire elemental hits you.
The fire elemental burns you!
* * * LOW HITPOINT WARNING * * *
The orc warlord hits you but does no damage.
An orc sorcerer comes into view. It is wielding a +0 dagger.
The deep elf pyromancer mumbles some strange words.
The deep elf pyromancer blinks!
The orc warrior throws a boomerang.
The boomerang completely misses you.
The orc sorcerer moves out of view.
You take 8 damage, and have 41/162 hp.
You barely miss the orc warlord. The fire elemental hits you.
The fire elemental burns you!
* * * LOW HITPOINT WARNING * * *
The fire elemental hits you. The fire elemental burns you!
* * * LOW HITPOINT WARNING * * *
You take 12 damage, and have 29/162 hp.
You barely miss the orc warlord.
The orc warrior throws a boomerang.
The boomerang hits you but does no damage.
The orc warlord completely misses you.
The orc sorcerer points at you and mumbles some strange words.
The bolt of negative energy hits the fire elemental.
The fire elemental completely resists.
The bolt of negative energy misses you.
The deep elf pyromancer casts a spell.
You slice the orc warlord!! You burn the orc warlord.
The fire elemental disappears in a puff of smoke!
The fire elemental misses you.
You now have 0/25 mp.
You hit the orc warlord. You burn the orc warlord. The fire elemental hits you.
You hit the orc warlord. You burn the orc warlord.
The fire elemental closely misses you.
The orc warlord hits you but does no damage.
You slice the orc warlord!! You burn the orc warlord.
You kill the orc warlord!
Trog accepts your kill. The fire elemental closely misses you.
The fire elemental barely misses you. x3
You slice the orc warrior!! You burn the orc warrior.
The orc warrior hits you but does no damage.
The deep elf pyromancer mumbles some strange words.
The deep elf pyromancer blinks!
The fire elemental misses you.
You closely miss the orc warrior.
The fire elemental closely misses you. x2
The fire elemental hits you. The fire elemental burns you!
* * * LOW HITPOINT WARNING * * *
You take 2 damage, and have 31/162 hp.
You slice the orc warrior!! You burn the orc warrior.
You kill the orc warrior!
Trog accepts your kill.
The deep elf pyromancer hits you but does no damage.
The deep elf pyromancer casts a spell at you.
The bolt of fire hits the fire elemental.
The fire elemental completely resists.
The bolt of fire hits you!!
* * * LOW HITPOINT WARNING * * *
The bolt of fire hits the fire elemental.
The fire elemental completely resists.
The orc sorcerer points at you and mumbles some strange words.
You resist with almost no effort. The fire elemental hits you.
The fire elemental burns you!
* * * LOW HITPOINT WARNING * * *
The fire elemental hits you. The fire elemental burns you!
* * * LOW HITPOINT WARNING * * *
The fire elemental misses you. The fire elemental hits you.
The fire elemental burns you!
You die...

........#........##....#
..#.#.###....##.###....#
...#### ##.#.....#....##
..## #............# ...
##..##....#.##
#...###.#### ####).)####
#...))E#E.##
#.....eE@E..#
##.....)#e○.#
#......o#E...#
#....###.○E.§..# ##..#
o##...#.# #.. o ##.. #
## #. ..# #. ..#


You could see 2 deep elf pyromancers, 6 fire elementals, 2 orc sorcerers and an
orc warrior (strong).

Vanquished Creatures
  Rupert (D:14)
  Kirke (D:15)
  2 orc warlords
  A caustic shrike zombie (D:15)
  A quicksilver ooze (Gauntlet)
  A caustic shrike skeleton (D:15)
  Nessos (D:14)
  Azrael (D:14)
  A minotaur (Gauntlet)
  Josephine (Orc:1)
  Harold (D:12)
  3 catoblepae
  2 boulder beetles
  4 centaur warriors
  5 hydras
  3 two-headed ogres
  4 death yaks
  A deep troll shaman (Lair:6)
  2 orc high priests (Orc:2)
  Urug (D:13)
  2 tengu warriors
  A vampire mage (D:15)
  4 skeletal warriors
  A lindwurm (Lair:6)
  An orb spider (Lair:4)
  5 orc knights
  Pikel (D:4)
  A necromancer (D:15)
  5 orc sorcerers
  A wolf spider (D:15)
  2 deep elf pyromancers (Orc:2)
  6 deep elf zephyrmancers (Orc:2)
  3 manticores
  2 ugly things
  A frost giant zombie (D:15)
  11 cyclopes
  5 black mambas
  An ice statue (Gauntlet)
  Joseph (D:7)
  16 elephants
  2 unseen horrors
  A gargoyle (D:13)
  14 cane toads
  8 komodo dragons
  5 kobold demonologists
  4 rime drakes
  A tengu conjurer (Gauntlet)
  A guardian mummy (D:15)
  A hornet (D:8)
  Grinder (D:4)
  6 trolls
  11 polar bears
  10 slime creatures
  35 blink frogs
  An ettin zombie (D:15)
  12 dream sheep
  The ghost of siradein the Caller, an amateur OpSu of Gozag (D:5)
  Sigmund (D:6)
  49 yaks
  A centaur simulacrum (D:13)
  A shadow (D:11)
  A vampire (D:14)
  2 water elementals (D:12)
  A hog (D:11)
  9 wyverns
  16 humans (D:13)
  5 wraiths
  4 fire elementals (D:14)
  2 basilisks (Lair:5)
  2 steam dragons
  Grum (D:9)
  Menkaure (D:6)
  5 wargs
  An acid dragon (D:5)
  19 water moccasins
  4 hell hounds (D:14)
  3 sky beasts
  26 orc warriors
  10 black bears
  2 ice beasts
  24 wolves
  7 ogres
  11 centaurs
  8 kobold brigands
  A gnoll sergeant (D:9)
  2 scorpions
  2 necrophages
  16 bullfrogs
  4 wights (D:10)
  7 howler monkeys
  2 vampire bats (D:9)
  2 electric eels (Lair:6)
  21 orc priests
  A gnoll shaman (D:6)
  A jelly (D:5)
  5 iguanas
  19 orc wizards
  Terence (D:3)
  Robin (D:3)
  11 gnolls
  8 adders
  6 white imps
  2 ufetubi (D:12)
  A dart slug (D:4)
  64 orcs
  10 ball pythons
  13 bats
  5 endoplasms
  A giant cockroach (D:3)
  15 goblins
  5 hobgoblins
  6 jackals
  3 quokkas
  4 frilled lizards
  31 kobolds
  8 rats
715 creatures vanquished.

Vanquished Creatures (others)
  A human (D:15)
  A sky beast (D:5)
  An orc priest (Orc:2)
  An orc wizard (Orc:2)
  An orc (Orc:2)
  62 fungi
  67 plants
  3 withered plants (D:15)
137 creatures vanquished.

Grand Total: 852 creatures vanquished

Notes
Turn   | Place    | Note
-------+----------+-------------------------------------------
     0 | D:1      | sokol815 the Gargoyle Gladiator began the quest for the
                  | Orb.
     0 | D:1      | Reached XP level 1. HP: 12/12 MP: 1/1
   375 | D:1      | Reached XP level 2. HP: 17/17 MP: 2/2
   453 | D:1      | Reached skill level 4 in Staves
   458 | D:1      | Reached XP level 3. HP: 17/21 MP: 3/3
  1028 | D:2      | Reached XP level 4. HP: 21/26 MP: 4/4
  1093 | D:2      | Found a faded altar of an unknown god.
  1122 | D:2      | Prayed at the altar of an unknown god.
  1122 | D:2      | Became a worshipper of Trog the Wrathful
  1122 | D:2      | Reached * piety under Trog
  1166 | D:2      | Reached skill level 5 in Staves
  1979 | D:2      | Reached XP level 5. HP: 30/30 MP: 5/5
  2521 | D:3      | Found a burning altar of Makhleb.
  2529 | D:3      | Noticed a green death
  2530 | D:3      | Found a glowing silver altar of Zin.
  2531 | D:3      | Noticed an angel
  2541 | D:3      | Noticed Terence
  2547 | D:3      | Killed Terence
  2548 | D:3      | Reached skill level 6 in Staves
  2576 | D:3      | Reached ** piety under Trog
  2800 | D:4      | Found Usoffema's Jewellery Emporium.
  2808 | D:4      | Reached XP level 6. HP: 34/35 MP: 6/6
  2872 | D:4      | Noticed Robin
  2950 | D:3      | Killed Robin
  3231 | D:4      | Noticed Pikel
  3244 | D:5      | Entered Level 5 of the Dungeon
  3445 | D:4      | Found a staircase to the Ecumenical Temple.
  3546 | D:4      | Noticed Grinder
  3551 | D:4      | Paralysed by Grinder for 3 turns
  3871 | Temple   | Entered the Ecumenical Temple
  3916 | D:4      | Paralysed by Grinder for 3 turns
  3926 | D:4      | Killed Grinder
  3927 | D:4      | Reached skill level 8 in Staves
  3927 | D:4      | Reached XP level 7. HP: 36/40 MP: 7/7
  4174 | D:4      | Killed Pikel
  4175 | D:4      | Reached skill level 9 in Staves
  4175 | D:4      | Reached XP level 8. HP: 44/44 MP: 8/8
  4490 | D:5      | Reached skill level 10 in Staves
  4731 | D:5      | HP: 8/44 [iguana (6)]
  5095 | D:5      | You fall into a shaft and drop 2 floors!
  5334 | D:7      | Reached skill level 11 in Staves
  5668 | D:6      | Noticed a kobold demonologist
  5673 | D:6      | Noticed a hellwing
  5673 | D:6      | Noticed a kobold demonologist
  5677 | D:6      | Killed a kobold demonologist
  5678 | D:6      | Reached skill level 12 in Staves
  5678 | D:6      | Reached XP level 9. HP: 48/48 MP: 9/9
  5689 | D:6      | Killed a kobold demonologist
  5745 | D:6      | Noticed Sigmund
  5752 | D:6      | Killed Sigmund
  6091 | D:6      | Noticed Menkaure
  6097 | D:6      | Killed Menkaure
  6098 | D:6      | Reached skill level 13 in Staves
  6414 | D:5      | Noticed siradein's ghost (amateur OpSu)
  6419 | D:5      | Found a runed translucent gate.
  6419 | D:5      | Found a runed translucent gate.
  6419 | D:5      | Found a runed translucent gate.
  6497 | D:5      | Found an iron altar of Okawaru.
  6854 | D:7      | Noticed Joseph
  6869 | D:7      | Killed Joseph
  6870 | D:7      | Reached skill level 3 in Fighting
  7047 | D:7      | Reached XP level 10. HP: 32/56 MP: 10/10
  7679 | D:8      | Reached skill level 4 in Fighting
  7767 | D:8      | Reached skill level 14 in Staves
  7976 | D:8      | Reached skill level 5 in Fighting
  8398 | D:9      | Found Sips's Distillery.
  8401 | D:9      | Bought a potion of heal wounds for 75 gold pieces
  8480 | D:9      | Found a hide-covered altar of Uskayaw.
  8485 | D:9      | Reached skill level 6 in Fighting
  8498 | D:9      | Reached skill level 1 in Stealth
  8605 | D:9      | Reached *** piety under Trog
  8633 | D:9      | Reached skill level 1 in Armour
  8797 | D:9      | Found a broken altar of Ashenzari.
  8797 | D:9      | Found a shadowy altar of Dithmenos.
  8900 | D:9      | Reached skill level 2 in Stealth
  9243 | D:9      | Found Sama's Jewellery Boutique.
  9266 | D:9      | Reached skill level 3 in Stealth
  9268 | D:9      | Reached skill level 2 in Armour
  9792 | D:9      | Noticed Grum
  9810 | D:9      | Reached skill level 4 in Stealth
  9817 | D:9      | Killed Grum
 10049 | D:9      | Found Meonnur's Armour Shop.
 10055 | D:9      | Bought a +0 pair of gloves of infusion for 161 gold pieces
 10111 | D:10     | Entered Level 10 of the Dungeon
 10157 | D:10     | Found Vafobeha's General Store.
 10182 | D:10     | Reached skill level 3 in Armour
 10277 | D:10     | Reached skill level 5 in Stealth
 10287 | D:10     | Reached skill level 7 in Fighting
 10506 | D:10     | Found Nises's General Store.
 10533 | D:10     | Reached XP level 11. HP: 57/67 MP: 3/11
 10838 | D:10     | Reached skill level 6 in Stealth
 11141 | D:10     | Found Xefok's Weapon Shop.
 11149 | D:10     | Found Woxaesmytu's Magic Scroll Shop.
 11443 | D:11     | Reached skill level 4 in Armour
 11592 | D:11     | Found a huge runed translucent gate.
 11592 | D:11     | Found a huge runed translucent gate.
 11592 | D:11     | Found a huge runed translucent gate.
 11592 | D:11     | Found a huge runed translucent gate.
 11592 | D:11     | Noticed a manticore
 11593 | D:11     | Noticed a death yak
 11666 | D:11     | Identified the +1 leather armour of Pan-Flutes {rPois rN+
                  | Str+4 Slay-5}
 11676 | D:11     | Reached skill level 7 in Stealth
 11731 | D:11     | Noticed a cyclops
 11748 | D:11     | Killed a cyclops
 11909 | D:11     | Found a staircase to the Lair.
 12252 | D:11     | Reached skill level 8 in Fighting
 12252 | D:11     | Reached skill level 5 in Armour
 12252 | D:11     | Reached skill level 8 in Stealth
 12457 | D:11     | Found Guotesid's Distillery.
 12766 | D:11     | Found an ancient bone altar of Kikubaaqudgha.
 12767 | D:11     | Noticed a cyclops
 12769 | D:11     | Found a blossoming altar of Fedhas.
 12769 | D:11     | Found a white marble altar of Elyvilon.
 12775 | D:11     | Killed a cyclops
 12776 | D:11     | Reached skill level 6 in Armour
 12776 | D:11     | Found a sacrificial altar of Ru.
 12776 | D:11     | Found a hide-covered altar of Uskayaw.
 12776 | D:11     | Found a shimmering altar of Xom.
 12973 | Lair:1   | Entered Level 1 of the Lair of Beasts
 13249 | Lair:1   | Found a transporter.
 13252 | Lair:1   | Reached **** piety under Trog
 13290 | Lair:1   | Noticed Mootru's ghost (journeyman MyFi)
 13310 | Lair:1   | Noticed a five-headed hydra
 13320 | Lair:1   | Killed a five-headed hydra
 13321 | Lair:1   | Reached skill level 9 in Fighting
 13517 | Lair:1   | Reached skill level 7 in Armour
 13801 | Lair:1   | Reached XP level 12. HP: 52/77 MP: 0/12
 13814 | Lair:1   | Reached skill level 10 in Fighting
 13822 | Lair:1   | Reached skill level 8 in Armour
 14674 | Lair:1   | Found a transporter.
 15050 | Lair:2   | Reached skill level 9 in Armour
 15257 | Lair:2   | You fall into a shaft and drop 1 floor!
 15263 | Lair:3   | Reached skill level 11 in Fighting
 15368 | Lair:3   | Noticed a seven-headed hydra
 15379 | Lair:3   | Killed a seven-headed hydra
 15944 | Lair:2   | Reached skill level 10 in Armour
 16381 | Lair:2   | Reached skill level 12 in Fighting
 17017 | Lair:3   | Reached skill level 11 in Armour
 17179 | Lair:3   | Reached XP level 13. HP: 82/86 MP: 11/13
 17433 | Lair:2   | Reached skill level 12 in Armour
 17775 | Lair:3   | Found a staircase to the Swamp.
 18072 | Lair:3   | Reached skill level 1 in Evocations
 18363 | Lair:4   | Reached skill level 2 in Evocations
 18601 | Lair:4   | Reached skill level 3 in Evocations
 18938 | Lair:4   | Reached skill level 13 in Armour
 18938 | Lair:4   | Reached skill level 4 in Evocations
 19160 | Lair:4   | Found a hole to the Spider Nest.
 19980 | Lair:4   | Reached skill level 5 in Evocations
 20427 | Lair:5   | Found a staircase to the Slime Pits.
 20661 | Lair:5   | Reached skill level 6 in Evocations
 20668 | Lair:5   | Reached skill level 13 in Fighting
 20879 | Lair:5   | Gained mutation: Your large and strong wings let you fly.
                  | [Gargoyle growth]
 20879 | Lair:5   | Reached XP level 14. HP: 90/94 MP: 13/14
 21336 | D:9      | Bought the amulet of Epag {rC+ Will++ Regen+ Stlth-} for
                  | 663 gold pieces
 22072 | Lair:6   | Entered Level 6 of the Lair of Beasts
 22357 | Lair:6   | Reached skill level 7 in Evocations
 23003 | Lair:6   | Reached ***** piety under Trog
 23172 | Lair:6   | Reached skill level 14 in Armour
 23273 | Lair:6   | Reached skill level 8 in Evocations
 23413 | Lair:6   | Identified the +7 arbalest "Conservator" {vorpal, rPois
                  | rC+++ Dex-4 Stlth+}
 23773 | Lair:6   | Identified the +7 ring mail of the Ditch-Digger {rElec}
 24469 | D:4      | Bought a ring of see invisible for 150 gold pieces
 24974 | D:12     | Found a bloodstained altar of Trog.
 25353 | D:12     | Reached skill level 14 in Fighting
 25589 | D:12     | Reached skill level 9 in Evocations
 25808 | D:12     | Found a staircase to the Orcish Mines.
 26022 | D:13     | Found a gate leading to a gauntlet.
 26040 | Gauntlet | Entered a Gauntlet
 26040 | Gauntlet | Found a transporter.
 26040 | Gauntlet | Found a transporter.
 26040 | Gauntlet | Found a transporter.
 26052 | Gauntlet | Found a transporter.
 26055 | Gauntlet | Found a transporter.
 26064 | Gauntlet | Found a transporter.
 26066 | Gauntlet | Found a transporter.
 26078 | Gauntlet | Found a transporter.
 26090 | Gauntlet | Found a transporter.
 26094 | Gauntlet | Noticed a quicksilver ooze
 26113 | Gauntlet | Found a transporter.
 26115 | Gauntlet | Found a transporter.
 26125 | Gauntlet | Found a transporter.
 26464 | Gauntlet | Identified the +4 helmet "Hattitz" {rElec rN+ rCorr Str+2}
 26499 | Gauntlet | Killed a quicksilver ooze
 26548 | Gauntlet | Identified the +8 fustibalus of Bove {freeze, Dex+7}
 26574 | Gauntlet | Identified the +1 ring mail of the Mind {rElec Str+2}
 26580 | Gauntlet | Identified the +6 short sword "Fetynop" {antimagic, rElec}
 26693 | D:13     | Reached XP level 15. HP: 93/100 MP: 15/15
 27089 | D:13     | Reached skill level 10 in Evocations
 27109 | D:13     | Reached skill level 3 in Dodging
 27735 | D:4      | Bought a ring of protection from fire for 250 gold pieces
 27808 | D:5      | Killed siradein's ghost
 27809 | D:5      | Reached skill level 15 in Armour
 28430 | D:14     | Noticed Urug
 28430 | D:14     | Noticed Nessos
 28430 | D:14     | Found a gate to the Vaults.
 28449 | D:13     | Reached skill level 4 in Dodging
 28680 | D:13     | Reached skill level 15 in Fighting
 28832 | D:13     | Killed Urug
 28887 | D:14     | Killed Nessos
 28888 | D:14     | Reached skill level 5 in Dodging
 29462 | D:14     | Noticed Azrael
 29480 | D:14     | Killed Azrael
 30037 | D:15     | Entered Level 15 of the Dungeon
 30070 | D:15     | Noticed Rupert
 30106 | D:14     | Killed Rupert
 30107 | D:14     | Reached skill level 6 in Dodging
 30374 | D:15     | Found a staircase to the Depths.
 30599 | D:15     | Reached skill level 11 in Evocations
 30627 | D:15     | Noticed Kirke
 30647 | D:15     | Killed Kirke
 31168 | Orc:1    | Entered Level 1 of the Orcish Mines
 31194 | Orc:1    | Noticed Harold
 31222 | D:12     | Killed Harold
 31491 | Orc:1    | Noticed Josephine
 31596 | Orc:1    | Killed Josephine
 31597 | Orc:1    | Reached XP level 16. HP: 108/108 MP: 16/16
 32097 | Orc:2    | Entered Level 2 of the Orcish Mines
 32285 | Orc:2    | Received a gift from Trog
 32286 | Orc:2    | Reached skill level 7 in Dodging
 32312 | Orc:2    | HP: 21/108 [orc knight/+1 great sword of flaming (9)]
 32320 | Orc:2    | HP: 25/108 [orc warrior/+0 long sword (2)]
 32620 | Orc:2    | Reached skill level 12 in Evocations
 32740 | Orc:2    | Found a staircase to the Elven Halls.
 32976 | Orc:2    | Found Dalauniss's Jewellery Shop.
 33245 | Orc:2    | Received a gift from Trog
 33249 | Orc:2    | HP: 35/162 [fire elemental[a deep elf pyromancer] (6)]
 33256 | Orc:2    | HP: 31/162 [fire elemental[a deep elf pyromancer] (2)]
 33257 | Orc:2    | HP: 8/162 [deep elf pyromancer/bolt of fire (24)]
 33257 | Orc:2    | Slain by a fire elemental

Illustrated notes

Levels and vault maps discovered:
D:1:      dreamdust_arrival_beginning_and_end, layout_basic,
          chequers_serial_rivers_large_b, serial_bayou_ford_a
D:2:      layout_basic, nicolae_ecumenical_snake_handling, minivault_11,
          nicolae_elevator_lobby_plus
D:3:      layout_loops_ring, grunt_temple_overflow_order_and_chaos_2,
          uniq_terence
D:4:      layout_basic, minmay_temple_entry_trees,
          chequers_serial_rivers_small_3, nicolae_stop_n_shop_1, uniq_robin,
          uniq_grinder, uniq_pikel
D:5:      layout_loops_ring, kennysheep_mini, gammafunk_ghost_split
D:6:      layout_loops_cross, serial_glass, glass_columns_b, glass_columns_c,
          glass_columns_a, glass_columns_a, glass_columns_c, glass_columns_a,
          glass_columns_c, glass_columns_b, feat_on_display, item_on_display_a,
          minmay_strange_pillars, due_unseen_surprise, uniq_sigmund,
          uniq_menkaure
D:7:      layout_gridville, hangedman_decor_growths, uniq_joseph
D:8:      layout_rooms
D:9:      layout_loops_corners, mainiacjoe_overflow_catwalk,
          gammafunk_temple_overflow_pools, serial_shops, shop_statue,
          kennysheep_mini_moat, kennysheep_little_box, roderic_batcave,
          uniq_grum
D:10:     layout_loops_corners, serial_shops, nicolae_stop_n_shop_1, shop, shop,
          nicolae_take_the_stairs
D:11:     lemuel_bear_cage, layout_loops_ring, grunt_lair_entry_orc_guard_hut,
          serial_shops, shop, doesnt_xom_only_xom
D:12:     layout_roguey, orc_0_dummy, serial_ice, serial_ice_l, serial_ice_n,
          serial_ice_f, serial_ice_b, serial_ice_c, serial_ice_h,
          david_defended_altar_orc
D:13:     layout_roguey, gauntlet_entry_generic
D:14:     layout_rooms, david_vaults_3, nicolae_wwwww, uniq_nessos, uniq_azrael
D:15:     gammafunk_depths_entry_grave, layout_irregular_city,
          chequers_serial_rivers_small_b, uniq_kirke, uniq_rupert
Temple:   eino_temple_scatter_basement
Lair:1:   layout_cave_pods, nzn_ghost_randoct
Lair:2:   layout_regular_city, lemuel_old_faithful
Lair:3:   layout_regular_city, swamp_mist_pool, beast_lair_carwin_8
Lair:4:   layout_big_grid, nicolae_spider_entry_orb_guardian,
          serial_bayou_crossing, grunt_megastairs_5
Lair:5:   layout_regular_city, slime_dummy, cheibrodos_lair_caveside_slide,
          grunt_megastairs_1
Lair:6:   grunt_lair_end_beastmaster, layout_cave_pods, serial_bayou_shore_b,
          serial_bayou_shore_a, lemuel_fruit_fields
Orc:1:    layout_caves, uniq_josephine, uniq_harold
Orc:2:    grunt_orc_gardens, layout_caves, grunt_orc_garden, grunt_orc_garden,
          grunt_orc_garden, grunt_orc_garden, basic_altar, serial_shops,
          shop_fountains, elves_outpost_lemuel

Skill      XL: |  1  2  3  4  5  6  7  8  9 10 11 12 13 14 15 16 |
---------------+-------------------------------------------------+-----
Staves         | 4 5 6 8 9 12 13 14 | 14.0
Fighting       | 3 7 9 12 13 14 15 | 15.0
Stealth        | 5 8 |  8.0
Armour         | 3 7 11 13 14 15 | 15.0
Evocations     | 6 9 11 12 | 12.6
Dodging        | 6 7 |  7.6
Throwing       | |  1.7

Action                   |  1- 3 |  4- 6 |  7- 9 | 10-12 | 13-15 | 16-18 || total
-------------------------+-------+-------+-------+-------+-------+-------++-------
Melee: Quarterstaff      |    88 |   162 |   222 |   855 |  1422 |   238 ||  2987
       Dagger            |       |       |       |     1 |     1 |       ||     2
       Battleaxe         |       |       |       |       |    11 |       ||    11
       Short sword       |       |       |       |       |     3 |       ||     3
       Lajatang          |       |       |       |       |       |    74 ||    74
Throw: Throwing net      |     1 |       |       |       |       |       ||     1
       Stone             |       |       |       |       |   198 |       ||   198
Invok: Berserk           |       |     4 |     7 |    17 |    36 |     8 ||    72
       Trog's Hand       |       |     1 |     1 |     2 |     1 |       ||     5
Evoke: Wand              |       |       |     3 |       |    21 |       ||    24
  Use: Scroll            |       |    16 |     5 |     9 |     8 |     1 ||    39
       Potion            |       |       |       |       |     1 |     2 ||     3
 Stab: Held in net/web   |     1 |       |       |       |       |       ||     1
       Sleeping          |       |       |       |    10 |     3 |       ||    13
       Distracted        |       |       |       |     2 |     1 |       ||     3
       Petrified         |       |       |       |       |    23 |       ||    23
       Paralysed         |       |       |       |       |     3 |       ||     3
Armor: Leather armour    |     5 |       |       |       |       |       ||     5
       Scale mail        |    44 |    33 |       |       |       |       ||    77
       Chain mail        |       |    49 |    33 |       |       |       ||    82
       Acid dragon scale |       |       |    37 |       |       |       ||    37
       Robe              |       |       |     8 |   277 |   291 |       ||   576
       Ring mail         |       |       |       |       |   562 |   151 ||   713
Dodge: Dodged            |    60 |   109 |   104 |   434 |   643 |   175 ||  1525

Table legend: (Time is in decaauts)
 A = Elapsed time spent in this place.
 B = Non-inter-level travel time spent in this place.
 C = Inter-level travel time spent in this place.
 D = Time resting spent in this place.
 E = Time spent auto-exploring this place.
 F = Levels seen in this place.
 G = Mean time per level.
                   A        B        C        D        E       F      G
               +--------+--------+--------+--------+--------+-----+--------+
         Total |  32921 |  30601 |   2320 |   9601 |  15860 |  25 | 1316.8 |
       Dungeon |  19742 |  17970 |   1772 |   5315 |   9800 |  15 | 1316.1 |
        Temple |     51 |     51 |      0 |     49 |      0 |   1 |   51.0 |
          Lair |  10690 |  10164 |    526 |   3454 |   5164 |   6 | 1781.7 |
  Orcish Mines |   1818 |   1797 |     21 |    611 |    697 |   2 |  909.0 |
      Gauntlet |    617 |    617 |      0 |    171 |    198 |   1 |  617.0 |
               +--------+--------+--------+--------+--------+-----+--------+

Top non-repeatable levels by time:
    D:11: 2448 daAuts
  Lair:1: 2253 daAuts
     D:9: 1815 daAuts
  Lair:3: 1811 daAuts
  Lair:6: 1804 daAuts
  Lair:5: 1668 daAuts
  Lair:2: 1600 daAuts
     D:5: 1581 daAuts
  Lair:4: 1552 daAuts
    D:10: 1507 daAuts
    D:12: 1426 daAuts
    D:13: 1344 daAuts
   Orc:1: 1274 daAuts
     D:6: 1237 daAuts
     D:7: 1222 daAuts

Table legend:
 A = Kills in this place as a percentage of kills in entire the game.
 B = Kills by you in this place as a percentage of kills by you in the entire game.
 C = Kills by friends in this place as a percentage of kills by friends in the entire game.
 D = Other kills in this place as a percentage of other kills in the entire game.
 E = Experience gained in this place as a percentage of experience gained in the entire game.
 F = Experience gained in this place divided by the number of levels of this place that you have seen.
                   A       B       C       D       E      F
               +-------+-------+-------+-------+-------+----------------------
         Total | 100.0 | 100.0 |   N/A | 100.0 | 100.0 | 5980.5
       Dungeon |  55.3 |  55.2 |   N/A | 100.0 |  44.0 | 4380.9
          Lair |  27.8 |  27.8 |   N/A |   0.0 |  37.9 | 9447.5
  Orcish Mines |  15.9 |  15.9 |   N/A |   0.0 |  15.2 | 11330.0
      Gauntlet |   1.0 |   1.0 |   N/A |   0.0 |   3.0 | 4454.0
               +-------+-------+-------+-------+-------+----------------------
